Map: [ESL] Gresvan

Players

Bunny - Winner!

  • Race: Terran Terran
  • Spawn Location: 11:00

Solar

  • Race: Zerg Zerg
  • Spawn Location: 5:00

Event: ESL SC2 Masters 2023 Summer (Finals)

VOD

Have the link to the VOD?

Description

Time

  • Played on: June 16, 2023, 8:26 a.m.
  • Length: 12:12

All games in this series

Show
View Real Time Build Order
Export as new Build Order

Bunny Terran - Winner!

Build Orders: Hellion Opening, Reaper Expand 

Get SALT Encoding   

  12  0:00  SCV  
  13  0:12  SCV  
  14  0:18  Supply Depot  
  14  0:24  SCV  
  15  0:39  SCV  
  15  0:41  Barracks  
  16  0:43  Refinery  
  16  0:51  SCV  
  17  1:03  SCV  
  18  1:15  SCV  
  19  1:27  Orbital Command, Reaper  
  20  1:39  Command Center  
  20  1:46  Supply Depot  
  20  1:53  SCV  
  21  1:59  Marine  
  22  2:05  SCV  
  22  2:07  Factory  
  23  2:17  SCV  
  23  2:22  Barracks Reactor  
  24  2:29  SCV  
  25  2:39  Command Center  
  25  2:41  SCV  
  26  2:50  Orbital Command  
  26  2:53  SCV  
  26  2:58  Starport  
  31  3:05  Hellion  
  31  3:06  Hellion  
  31  3:07  SCV  
  31  3:10  Refinery  
  32  3:16  SCV  
  32  3:19  SCV  
  38  3:27  Hellion x2  
  38  3:29  SCV  
  38  3:32  SCV, Barracks Tech Lab  
  40  3:35  Viking  
  40  3:41  SCV  
  43  3:44  SCV  
  46  3:48  Hellion  
  46  3:51  Hellion  
  45  4:04  Orbital Command  
  45  4:05  Liberator  
  45  4:06  SCV x2  
  52  4:10  Hellion  
  52  4:11  Supply Depot  
  52  4:12  Hellion  
  54  4:18  SCV x2  
  54  4:20  Marine  
  54  4:22  Stimpack  
  57  4:30  SCV x2  
  59  4:35  SCV  
  59  4:37  Marine  
  61  4:42  SCV x2  
  63  4:47  Barracks  
  63  4:48  Barracks, Factory Tech Lab  
  63  4:49  Starport Reactor  
  63  4:52  SCV  
  64  4:54  SCV x2  
  64  4:57  Marine  
  67  5:02  Supply Depot  
  67  5:05  Orbital Command  
  67  5:07  Engineering Bay  
  67  5:08  SCV x2, Engineering Bay  
  69  5:16  Barracks  
  69  5:17  Barracks, Refinery  
  69  5:23  SCV x2, Siege Tank  
  70  5:32  Refinery  
  70  5:33  Supply Depot  
  70  5:34  Marine x3  
  66  5:35  SCV x2  
  68  5:43  Terran Infantry Weapons Level 1, Starport Reactor, Terran Infantry Armor Level 1  
  68  5:45  SCV  
  68  5:48  SCV x2  
  71  5:51  Marine x3  
  71  5:52  Marine x2  
  71  5:56  Siege Tank  
  80  5:57  SCV  
  80  6:00  SCV x2  
  80  6:02  Supply Depot  
  82  6:08  Barracks Reactor x2  
  82  6:09  Marine, SCV  
  82  6:10  Marine  
  85  6:16  Marine x3, Combat Shield, Supply Depot  
  85  6:17  SCV  
  85  6:18  SCV  
  90  6:21  SCV  
  91  6:26  Marine  
  91  6:27  Marine, Refinery, Supply Depot  
  91  6:29  Medivac, Supply Depot  
  95  6:33  Medivac  
  95  6:34  Marine x3  
  100  6:44  Marine  
  100  6:45  Marine, Siege Tank  
  105  6:52  Marine x7  
  112  6:59  Medivac  
  112  7:02  Marine, Supply Depot  
  112  7:03  Marine  
  112  7:05  Armory  
  112  7:06  SCV x3, Command Center  
  117  7:10  Marine x4  
  117  7:14  Marine x3  
  124  7:23  Siege Tank  
  124  7:24  SCV x3  
  125  7:32  Marine, Medivac x2  
  125  7:33  Marine x3  
  133  7:40  Marine x2  
  133  7:42  Marine  
  133  7:48  Supply Depot  
  133  7:50  Supply Depot x2  
  133  8:08  Supply Depot  
  133  8:09  Supply Depot  
  133  8:10  Marine x6, Medivac  
  133  8:11  Marine x3  
  133  8:12  Medivac  
  146  8:18  Terran Infantry Weapons Level 2, Terran Infantry Armor Level 2  
  146  8:25  Drilling Claws  
  146  8:26  Widow Mine  
  148  8:27  Marine x5  
  148  8:28  Barracks  
  148  8:29  Barracks  
  148  8:30  Barracks  
  148  8:33  Marine x2  
  148  8:34  Marine x2  
  155  8:42  Factory  
  155  8:45  Marine x3  
  155  8:46  Marine x2  
  159  8:49  SCV x3  
  159  8:51  Marine x4  
  155  9:03  Marine  
  155  9:09  Widow Mine, Planetary Fortress  
  142  9:13  Marine x7, Marauder  
  146  9:17  Medivac  
  146  9:18  Medivac  
  146  9:21  Marine  
  151  9:25  SCV x2  
  151  9:26  SCV  
  151  9:29  Barracks Tech Lab x2  
  151  9:30  Marine  
  150  9:39  Widow Mine  
  150  9:41  Factory Reactor  
  150  9:44  Marauder, Barracks Tech Lab  
  151  9:47  Medivac x2  
  155  9:53  Marauder  
  157  10:00  Marauder  
  157  10:01  Marine  
  157  10:02  Marine x6  
  157  10:05  Marauder  
  168  10:08  Widow Mine  
  168  10:09  Marauder  
  168  10:10  Marine  
  162  10:14  Marauder  
  162  10:17  Medivac x2  
  162  10:19  Marine x5  
  168  10:21  Marauder  
  168  10:25  Widow Mine x2  
  168  10:26  Marauder  
  174  10:28  Marine x2  
  174  10:29  Widow Mine, Marine  
  174  10:30  Marauder  
  181  10:36  Marauder  
  181  10:37  Marine x5  
  181  10:40  Concussive Shells  
  188  10:45  Marauder  
  188  10:46  Widow Mine  
  188  10:49  Marine  
  188  10:52  Command Center  
  188  11:07  Marine x3  
  188  11:09  Marauder x2  
  187  11:13  Marine  
  187  11:17  Marine x4, Marauder  
  188  11:19  Marauder  
  188  11:22  Medivac  
  188  11:24  Medivac  
  188  11:28  Marine  
  188  11:37  Marine  
  188  11:38  Ghost Academy  
  188  11:43  Marine x3  
  188  11:44  Widow Mine x2, Marine x2, Marauder x4  
  188  11:48  Marine x2  
  188  11:49  Widow Mine  
Show
View Real Time Build Order
Export as new Build Order

Solar Zerg 

Build Orders: Hatch First 

Get SALT Encoding   

  12  0:00  Drone  
  13  0:12  Overlord  
  13  0:17  Drone  
  14  0:31  Drone x2  
  16  0:47  Hatchery  
  15  0:51  Drone  
  15  0:54  Drone  
  17  0:58  Drone  
  18  1:08  Extractor  
  17  1:13  Spawning Pool  
  17  1:15  Drone  
  17  1:19  Drone  
  18  1:28  Drone  
  19  1:39  Drone  
  20  1:49  Drone  
  21  2:00  Queen x2  
  27  2:01  Zergling x4  
  27  2:10  Overlord  
  27  2:11  Drone  
  28  2:20  Hatchery  
  28  2:22  Drone  
  28  2:30  Drone  
  28  2:32  Drone  
  30  2:39  Queen  
  30  2:43  Overlord  
  32  2:46  Drone x2  
  32  2:51  Metabolic Boost  
  34  2:54  Drone  
  34  2:55  Drone  
  36  3:04  Drone  
  36  3:05  Drone  
  38  3:09  Drone  
  38  3:10  Drone  
  38  3:11  Drone  
  41  3:16  Queen  
  41  3:19  Overlord  
  43  3:21  Drone  
  44  3:30  Overlord  
  44  3:32  Queen  
  46  3:34  Queen  
  46  3:37  Drone  
  46  3:38  Drone  
  46  3:40  Drone  
  51  3:45  Drone x3  
  54  3:49  Drone x2  
  54  3:50  Zergling x2  
  54  3:54  Evolution Chamber  
  55  4:01  Drone x5  
  57  4:06  Drone x2  
  59  4:13  Queen  
  59  4:15  Queen  
  63  4:20  Baneling Nest  
  63  4:21  Overlord  
  62  4:24  Zergling x2  
  62  4:25  Zergling x2  
  62  4:26  Zergling x2  
  62  4:27  Overlord  
  65  4:32  Spine Crawler  
  65  4:34  Overlord  
  63  4:40  Drone x2  
  63  4:43  Overlord  
  65  4:47  Zergling x12  
  65  4:52  Queen  
  73  4:54  Zergling x4  
  73  4:56  Drone x2  
  77  5:04  Drone x2  
  77  5:06  Drone  
  81  5:07  Lair  
  81  5:08  Drone x3  
  81  5:10  Overlord  
  81  5:11  Extractor  
  81  5:12  Extractor  
  81  5:24  Drone  
  81  5:25  Drone  
  81  5:28  Drone x6  
  81  5:30  Drone  
  81  5:32  Drone x2  
  78  5:37  Drone x2  
  78  5:40  Zergling x4  
  82  5:50  Zergling x6  
  82  5:51  Extractor  
  82  5:52  Evolution Chamber x2  
  82  5:54  Drone, Hatchery  
  82  6:01  Drone x2  
  84  6:05  Centrifugal Hooks, Overlord  
  84  6:07  Drone  
  84  6:09  Drone x2  
  84  6:10  Drone x2  
  84  6:11  Zergling x2  
  89  6:13  Overlord  
  89  6:15  Overlord  
  89  6:19  Overlord, Zerg Ground Armor Level 1, Zerg Melee Weapons Level 1  
  89  6:22  Overlord  
  89  6:24  Drone, Zergling x2  
  89  6:25  Zergling x4  
  94  6:32  Zergling x2  
  94  6:33  Baneling x7  
  94  6:35  Baneling  
  94  6:37  Zergling x2  
  94  6:38  Zergling x8  
  94  6:39  Zergling x12  
  105  6:43  Baneling  
  105  6:44  Baneling x3, Zergling x2  
  105  6:46  Overlord  
  106  6:50  Zergling x2  
  107  6:57  Drone x2  
  107  6:58  Drone  
  110  7:04  Zergling x2  
  110  7:06  Zergling x8  
  110  7:07  Zergling x4  
  117  7:08  Queen  
  117  7:09  Zergling x12  
  117  7:12  Hatchery  
  124  7:19  Drone  
  124  7:21  Drone  
  124  7:22  Drone x2  
  128  7:28  Zergling x2  
  128  7:31  Baneling x2  
  128  7:32  Overlord  
  128  7:34  Zergling x10  
  128  7:35  Drone  
  128  7:36  Drone  
  135  7:38  Baneling x2  
  135  7:39  Zergling x2  
  135  7:41  Zergling x8  
  135  7:42  Hatchery  
  128  7:44  Drone x2  
  128  7:50  Zergling x4  
  130  7:55  Baneling x5  
  130  7:56  Zergling x4  
  132  7:58  Queen  
  132  7:59  Zergling x2  
  132  8:03  Zergling x8  
  138  8:07  Zergling x10  
  143  8:13  Overlord x2  
  143  8:14  Overlord x2, Zerg Melee Weapons Level 2, Zerg Ground Armor Level 2  
  143  8:18  Zergling x2  
  144  8:25  Baneling  
  144  8:30  Zergling x12  
  146  8:34  Zergling x22  
  146  8:38  Zergling x4  
  161  8:45  Zergling x6  
  163  8:51  Zergling x4, Infestation Pit  
  164  8:56  Zergling x6  
  146  9:03  Zergling x10  
  146  9:08  Zergling x2  
  146  9:09  Hatchery, Zergling x6, Hydralisk Den  
  135  9:15  Zergling x8  
  133  9:17  Baneling x3  
  133  9:18  Baneling x10  
  133  9:21  Zergling x8  
  132  9:24  Overlord  
  132  9:25  Drone  
  132  9:28  Drone  
  132  9:30  Hive  
  132  9:31  Extractor, Zergling x12  
  139  9:37  Drone x2  
  139  9:38  Drone  
  141  9:39  Drone  
  141  9:44  Hydralisk  
  143  9:49  Baneling x5  
  143  9:50  Zergling x8, Overseer  
  143  9:51  Pneumatized Carapace  
  142  9:54  Hydralisk  
  142  9:59  Overlord, Zergling x2  
  147  10:00  Zergling x12  
  147  10:02  Baneling x4  
  147  10:03  Overseer  
  147  10:04  Hatchery  
  147  10:07  Zergling x6  
  147  10:10  Hydralisk  
  147  10:11  Hydralisk  
  147  10:14  Zergling x4  
  150  10:19  Drone x2  
  151  10:22  Grooved Spines  
  151  10:27  Hatchery  
  150  10:29  Zergling x16  
  150  10:32  Overlord  
  158  10:37  Hatchery  
  158  10:38  Drone x2  
  158  10:39  Drone  
  162  10:47  Hatchery  
  162  10:49  Zergling x10  
  164  10:51  Viper  
  164  10:54  Drone x2  
  164  10:55  Drone x4  
  171  10:57  Zergling x2  
  171  10:58  Zergling x8  
  171  11:03  Hydralisk x2  
  180  11:07  Zergling x10  
  175  11:18  Zergling x16  
  170  11:24  Viper  
  170  11:29  Drone x2  
  171  11:33  Drone x6  
  171  11:36  Zergling x2  
  171  11:37  Zergling x4  
  175  11:45  Zergling x8  
  153  11:52  Overlord, Zergling x6  
  153  11:53  Baneling x2  
  153  11:54  Baneling x5  
Tags
 
Add a new tag
Caveats
  • Supply blocks, unpowered buildings, or Contaminate may cause inaccurate times.
  • Supply counts are checked every 10 seconds.